 Dungeon Crawl Stone Soup version 0.24.0-1-gfbc8707 (webtiles) character file.

Game seed: 4029157515366713009, levelgen mode: deterministic

11648 Fang the Fighter (level 11, 0/76 HPs)
             Began as a Gargoyle Berserker on Oct 31, 2019.
             Was a High Priest of Trog.
             Splashed by an oklob plant's acid (12 damage)
             ... on level 11 of the Dungeon.
             The game lasted 00:13:04 (8998 turns).

Fang the Fighter (Gargoyle Berserker)               Turns: 8998, Time: 00:13:04

Health: 0/76       AC: 20    Str: 24    XL:     11   Next: 81%
Magic:  11/11      EV:  9    Int:  8    God:    Trog [*****.]
Gold:   570        SH:  0    Dex:  9    Spells: 10/10 levels left

rFire    + . .     SeeInvis .   a - +2 war axe
rCold    . . .     Gourm    .   (no shield)
rNeg     + . .     Faith    .   b - +3 plate armour
rPois    ∞         Spirit   .   (no helmet)
rElec    +         Reflect  .   (no cloak)
rCorr    .         Harm     .   q - +2 pair of gloves
MR       ++...                  (no boots)
Stlth    ..........             l - amulet of magic regeneration
HPRegen  1.22/turn              h - ring of protection from fire
MPRegen  0.37/turn              k - ring of flight

@: corroded, berserk cooldown, regenerating, slowed, very slow
A: negative energy resistance 1, electricity resistance, unbreathing,
petrification resistance, rot immunity, AC +8
a: Berserk, Trog's Hand, Brothers in Arms, Renounce Religion, Evoke Flight


You were on level 11 of the Dungeon.
You worshipped Trog.
Trog was extremely pleased with you.
You were very hungry.

You visited 2 branches of the dungeon, and saw 12 of its levels.

You collected 570 gold pieces.

Inventory:

Hand Weapons
 a - a +2 war axe (weapon)
Armour
 b - a +3 plate armour (worn)
 q - a +2 pair of gloves (worn)
Jewellery
 h - a ring of protection from fire (left hand)
 k - a ring of flight (right hand)
 l - an amulet of magic regeneration (around neck)
Wands
 j - a wand of digging (6)
 p - a wand of disintegration (16)
 t - a wand of random effects (19)
 w - a wand of enslavement (9)
 y - a wand of clouds (5)
 B - a wand of flame (19)
Scrolls
 e - 3 scrolls of fear
 f - 4 scrolls of remove curse
 i - 5 scrolls of identify
 m - a scroll of teleportation
 E - a scroll of magic mapping
Potions
 d - a potion of agility
 g - a potion of haste
 r - 3 potions of curing
 s - a potion of resistance
 x - 2 potions of heal wounds
 z - a potion of flight
 A - a potion of magic
Comestibles
 c - 23 rations
 n - 12 chunks of flesh


   Skills:
 * Level 11.9 Fighting
 * Level 10.3 Axes
 + Level 8.5 Armour
 + Level 6.4 Dodging


You had 10 spell levels left.
You didn't know any spells.
Your spell library was empty.

Dungeon Overview and Level Annotations

Branches:
Dungeon (11/15)            Temple (1/1) D:5            Lair (0/6) D:11
    Orc (0/2) D:11

Altars:
Ashenzari
Dithmenos
Elyvilon
Fedhas
Okawaru
Sif Muna
Wu Jian
Yredelemnul

Annotations:
D:8 Prince Ribbit
D:9 exclusions: ice statue and orange crystal statue
D:11 exclusion: 2 oklob plants


Innate Abilities, Weirdness & Mutations

You are resistant to torment.
Your stone body is resilient. (AC +8)
You are immune to poison.
You resist negative energy. (rN+)
You are resistant to electric shocks. (rElec)
You can survive without breathing.
You are immune to petrification.
You are immune to rotting.


Message History

You feel your anger nearly subside.
You are no longer berserk.
You are exhausted.
You feel yourself slow down.
You hit the plant.
The plant is lightly damaged.
You hit the oklob plant but do no damage.
The oklob plant spits acid at you. The splash of acid hits you.
You are splashed with acid!
The oklob plant spits acid at you. The splash of acid hits you!
You are splashed with acid!
* * * LOW HITPOINT WARNING * * *
You hit the oklob plant.
The oklob plant is lightly damaged.
You hit the plant but do no damage. x2
The oklob plant spits acid at you. The splash of acid hits you.
* * * LOW HITPOINT WARNING * * *
The acid corrodes you!
You are splashed with acid!
You die...

.# .+ ###### <# +....# .#
.#######....# .# ...≈...#...#
## #...#.....+ .##.PP##...#
..PPPPP..#.# #. ≈.PP>PP@≈#.#
#.#...PPPP..#.# ..
#...##.PP##...# .. #
###....#...#....# ####'#### ###
#....#.).≈...#..# #.......#
..###.....#######...# #.......#
#...#............+.## #.......#
###.#............#..###.......#
# #.'............##...'.......#


You could see 2 oklob plants.

Vanquished Creatures
  Erica (D:9)
  Pikel (D:8)
  A deep elf mage (D:11)
  An ugly thing (D:11)
  Psyche (D:8)
  2 centaur skeletons
  Maurice (D:9)
  3 trolls
  2 hornets
  A meliai zombie (D:11)
  2 hippogriffs
  Grinder (D:3)
  Sigmund (D:3)
  A wraith (D:11)
  12 yaks
  3 hogs (D:8)
  A human (D:8)
  A hungry ghost (D:7)
  A steam dragon (D:8)
  2 water moccasins
  2 sky beasts
  2 orc warriors
  Duvessa (D:7)
  2 ice beasts (D:8)
  2 slaves (D:8)
  2 phantoms
  6 centaurs
  2 ogres
  A necrophage (D:10)
  A big kobold (D:8)
  4 bullfrogs
  Dowan (D:7)
  A wyvern skeleton (D:7)
  2 scorpions
  3 killer bees (D:11)
  3 howler monkeys (D:9)
  4 crimson imps
  A bullfrog zombie (D:7)
  4 hounds
  4 jellies
  A quasit (D:9)
  6 orc priests
  Jessica (D:3)
  A bullfrog skeleton (D:4)
  2 iguanas
  7 worker ants
  6 orc wizards
  A killer bee zombie (D:10)
  A hound skeleton (D:4)
  A worker ant zombie (D:10)
  7 adders
  8 gnolls
  A howler monkey skeleton (D:7)
  3 oozes
  An adder zombie (D:5)
  4 worms
  2 dart slugs
  2 leopard geckos (D:6)
  47 orcs
  A ball python (D:8)
  7 bats
  4 giant cockroaches
  5 goblins
  9 hobgoblins
  15 jackals
  12 kobolds
  2 frilled lizards (D:4)
  A leopard gecko skeleton (D:4)
  2 quokka skeletons (D:4)
  5 rats
252 creatures vanquished.

Vanquished Creatures (others)
  2 slaves (D:8)
  2 ufetubi (D:9)
4 creatures vanquished.

Grand Total: 256 creatures vanquished

Notes
Turn   | Place    | Note
-------+----------+-------------------------------------------
     0 | D:1      | Fang the Gargoyle Berserker began the quest for the Orb.
     0 | D:1      | Reached XP level 1. HP: 14/14 MP: 1/1
   129 | D:1      | Reached XP level 2. HP: 19/19 MP: 2/2
   611 | D:2      | Reached XP level 3. HP: 24/24 MP: 3/3
   811 | D:2      | Reached skill level 4 in Fighting
   815 | D:2      | Reached XP level 4. HP: 13/29 MP: 4/4
  1399 | D:2      | Found a white marble altar of Elyvilon.
  1625 | D:3      | Reached ** piety under Trog
  1691 | D:3      | Noticed Sigmund
  1696 | D:3      | Noticed Grinder
  1697 | D:3      | Reached XP level 5. HP: 32/34 MP: 5/5
  1729 | D:3      | Paralysed by Grinder for 3 turns
  1742 | D:3      | Paralysed by Grinder for 3 turns
  1809 | D:3      | Killed Sigmund
  1809 | D:3      | Reached skill level 5 in Fighting
  1809 | D:3      | Reached XP level 6. HP: 25/40 MP: 6/6
  1822 | D:3      | Killed Grinder
  1822 | D:3      | Reached XP level 7. HP: 21/44 MP: 7/7
  1951 | D:3      | Noticed Jessica
  1960 | D:3      | Killed Jessica
  2145 | D:3      | Found a blossoming altar of Fedhas.
  2205 | D:4      | Found a shattered altar of Ashenzari.
  2325 | D:4      | Reached skill level 5 in Axes
  2332 | D:4      | Reached skill level 6 in Fighting
  2964 | D:5      | Entered Level 5 of the Dungeon
  3077 | D:5      | Found a staircase to the Ecumenical Temple.
  3089 | Temple   | Entered the Ecumenical Temple
  3222 | D:5      | Reached XP level 8. HP: 45/52 MP: 8/8
  4249 | D:6      | Reached skill level 7 in Fighting
  4520 | D:7      | Reached skill level 5 in Armour
  4544 | D:7      | Noticed Dowan
  4545 | D:7      | Noticed Duvessa
  4550 | D:7      | Killed Dowan
  4550 | D:7      | Reached *** piety under Trog
  4568 | D:7      | Killed Duvessa
  4712 | D:7      | Reached XP level 9. HP: 58/58 MP: 9/9
  4846 | D:7      | Reached skill level 8 in Fighting
  5114 | D:7      | Paralysed by fainting for 10 turns
  5229 | D:8      | Noticed Pikel
  5247 | D:8      | Killed Pikel
  5247 | D:8      | Reached skill level 9 in Fighting
  5410 | D:8      | Noticed Prince Ribbit
  5417 | D:8      | Reached XP level 10. HP: 59/66 MP: 10/10
  5459 | D:8      | Noticed Psyche
  5471 | D:8      | Killed Psyche
  5471 | D:8      | Reached skill level 5 in Dodging
  5544 | D:8      | Reached **** piety under Trog
  5848 | D:8      | Reached skill level 10 in Fighting
  5987 | D:9      | Noticed an ice statue
  6326 | D:9      | Noticed Maurice
  6338 | D:9      | Paralysed by something for 7 turns
  6586 | D:9      | Noticed Erica
  6609 | D:9      | Killed Erica
  6745 | D:9      | Reached XP level 11. HP: 73/73 MP: 11/11
  6944 | D:9      | Paralysed by Maurice for 6 turns
  7003 | D:9      | Killed Maurice
  7003 | D:9      | Reached skill level 11 in Fighting
  7306 | D:9      | Noticed an orange crystal statue
  7463 | D:10     | Entered Level 10 of the Dungeon
  7800 | D:10     | Reached ***** piety under Trog
  8150 | D:11     | Noticed a cyan ugly thing
  8166 | D:11     | Killed a cyan ugly thing
  8222 | D:11     | Reached skill level 10 in Axes
  8263 | D:11     | Noticed a deep elf mage
  8274 | D:11     | Noticed a soul eater
  8275 | D:11     | Killed a deep elf mage
  8464 | D:11     | Found a basalt altar of Yredelemnul.
  8772 | D:11     | Found a staircase to the Orcish Mines.
  8863 | D:11     | Noticed an oklob plant
  8863 | D:11     | Noticed an oklob plant
  8865 | D:11     | Found a staircase to the Lair.
  8998 | D:11     | Splashed by an oklob plant's acid

Levels and vault maps discovered:
D:1:      mainiacjoe_arrival_reflecting_pool, layout_loops_ring, minivault_24,
          corexii_hall_statues_t
D:2:      layout_loops_ring, elyvilon_altar_3
D:3:      layout_loops_ring, fedhas_altar_4, hangedman_decor_peaks_small,
          uniq_sigmund, uniq_grinder, uniq_jessica
D:4:      minmay_angry_zag, layout_rooms, first_ration,
          nicolae_ashenzari_panopticon
D:5:      layout_basic, minmay_temple_entry_stoned_glass
D:6:      layout_basic
D:7:      layout_gridville, uniq_duvessa
D:8:      layout_rooms, grunt_livestock, uniq_psyche, uniq_pikel,
          uniq_prince_ribbit1
D:9:      cheibrodos_frozen_isle, layout_basic, minmay_statue_bubble,
          uniq_maurice, uniq_erica
D:10:     layout_rooms
D:11:     layout_roguey, dpeg_oklobed_lair, hiddenorc2_lemuel,
          serial_corexii_hall, chequers_hall_statues_corner_a,
          corexii_hall_statues_i, basic_altar, minmay_lizard_king
Temple:   nicolae_temple_the_god_donut

Skill      XL: |  1  2  3  4  5  6  7  8  9 10 11 |
---------------+----------------------------------+-----
Axes           | 3 4 5 6 7 9 10 | 10.3
Dodging        | 2 3 4 5 6 |  6.4
Fighting       | 4 5 6 7 9 10 11 | 11.9
Armour         | 3 4 5 6 7 8 |  8.5

Action                   |  1- 3 |  4- 6 |  7- 9 | 10-12 || total
-------------------------+-------+-------+-------+-------++-------
Melee: Hand axe          |   107 |   127 |    94 |       ||   328
       War axe           |       |       |   339 |   524 ||   863
Invok: Berserk           |     1 |     1 |     5 |     7 ||    14
       Trog's Hand       |       |     2 |       |     1 ||     3
 Abil: Evoke Flight      |       |       |       |     1 ||     1
  Use: Potion            |       |     4 |       |       ||     4
       Scroll            |       |       |     9 |    13 ||    22
 Stab: Invisible         |       |       |       |     2 ||     2
  Eat: Chunk             |       |     4 |    13 |    19 ||    36
       Ration            |       |       |     4 |       ||     4
Armor: Plate armour      |    82 |   114 |   368 |   482 ||  1046
Dodge: Dodged            |    47 |    57 |   187 |   271 ||   562
